 Dungeon Crawl Stone Soup version 0.29-a0-845-g6161e89988 (webtiles) character file.

Game seed: 4865674909107297451

6759 Mesmaeker13 the Grappler (level 10, -3/156 HPs)
             Began as a Troll Berserker on July 15, 2022.
             Was an Elder of Trog.
             Slain by a 15-headed hydra (7 damage)
             ... on level 8 of the Dungeon.
             The game lasted 00:10:01 (7302 turns).

Mesmaeker13 the Grappler (Troll Berserker)          Turns: 7302, Time: 00:10:02

Health: -3/156     AC: 11    Str: 35    XL:     10   Next: 75%
Magic:  9/9        EV: 10    Int: 11    God:    Trog [****..]
Gold:   397        SH:  0    Dex:  9    Spells: 9/9 levels left

rFire   + + .      SeeInvis .     - Unarmed
rCold   x . .      Faith    .   (no shield)
rNeg    . . .      Spirit   .   D - +0 fire dragon scales
rPois   .          Reflect  .   y - +0 hat {Will+}
rElec   .          Harm     .   B - +0 cloak
rCorr   .          Rampage  .   (gloves unavailable)
Will    +++..                   (boots unavailable)
Stlth   ..........              (no amulet)
HPRegen 2.16/turn               m - +6 ring of strength
MPRegen 0.11/turn               a - +6 ring of intelligence

@: berserking, strong-willed, regenerating, very quick
A: large, unfitting armour, claws 3, regeneration 1, shaggy fur 1, tough skin 1
a: Renounce Religion, Berserk, Trog's Hand, Brothers in Arms


You were on level 8 of the Dungeon.
You worshipped Trog.
Trog was greatly pleased with you.
You visited 1 branch of the dungeon, and saw 8 of its levels.
You also visited: Bailey.

You collected 397 gold pieces.

Inventory:

Missiles
 o - 21 poisoned darts
 x - 3 large rocks (quivered)
Armour
 y - a +0 hat of willpower (worn)
 A - a +1 robe of willpower
 B - a +0 cloak (worn)
 C - +0 acid dragon scales
 D - +0 fire dragon scales (worn)
Jewellery
 a - a +6 ring of intelligence (right claw)
 m - a +6 ring of strength (left claw)
Wands
 v - a wand of mindburst (9)
Scrolls
 b - 3 scrolls of poison
 h - 3 scrolls of teleportation
 i - 2 scrolls of noise
 k - 2 scrolls of enchant armour {unknown}
 n - a scroll of summoning {unknown}
 p - 3 scrolls of fear
 s - 3 scrolls of vulnerability
 u - a scroll of torment {unknown}
 E - a scroll of identify
Potions
 c - 5 potions of curing {unknown}
 d - a potion of cancellation {unknown}
 e - 2 potions of mutation {unknown}
 f - 2 potions of brilliance {unknown}
 g - 2 potions of lignification
 j - 2 potions of degeneration {unknown}
 l - 2 potions of ambrosia {unknown}
 q - 3 potions of berserk rage {unknown}
 r - a potion of might {unknown}
 t - a potion of attraction {unknown}
 w - a potion of invisibility {unknown}
 z - a potion of resistance {unknown}


   Skills:
 + Level 7.6 Fighting
 + Level 0.6 Armour
 - Level 7.6 Dodging
 + Level 9.2 Unarmed Combat
 + Level 5.3 Evocations


You had 9 spell levels left.
You didn't know any spells.
Your spell library was empty.

Dungeon Overview and Level Annotations

Branches:
Dungeon (8/15)             Temple (0/1) D:4          Bailey (visited)
   Lair: D:8-11

Altars:
Xom


Innate Abilities, Weirdness & Mutations

You are too large for most types of armour.
You have claws for hands.
Your natural rate of healing is unusually fast.
You are covered in fur. (AC +1)
You have tough skin. (AC +1)


Message History

The 11-headed hydra grows two more!
You claw the 13-headed hydra!
The 13-headed hydra is almost dead.
You claw one of the 13-headed hydra's heads off!
The 12-headed hydra grows two more!
You scratch the 14-headed hydra.
The 14-headed hydra is severely wounded.
The 14-headed hydra bites you. The 14-headed hydra bites you!
* * * LOW HITPOINT WARNING * * *
The 14-headed hydra bites you.
* * * LOW HITPOINT WARNING * * *
The 14-headed hydra bites you.
* * * LOW HITPOINT WARNING * * *
The 14-headed hydra bites you but does no damage.
The 14-headed hydra bites you.
* * * LOW HITPOINT WARNING * * *
The 14-headed hydra bites you.
* * * LOW HITPOINT WARNING * * *
The 14-headed hydra bites you but does no damage.
The 14-headed hydra bites you.
* * * LOW HITPOINT WARNING * * *
The 14-headed hydra closely misses you. The 14-headed hydra bites you!
* * * LOW HITPOINT WARNING * * *
The 14-headed hydra bites you but does no damage.
The 14-headed hydra bites you!
* * * LOW HITPOINT WARNING * * *
The 14-headed hydra bites you but does no damage.
You claw one of the 14-headed hydra's heads off!
The 13-headed hydra grows two more!
You claw the 15-headed hydra!
The 15-headed hydra is severely wounded.
The 15-headed hydra closely misses you.
The 15-headed hydra bites you but does no damage.
The 15-headed hydra bites you.
* * * LOW HITPOINT WARNING * * *
The 15-headed hydra bites you but does no damage. x2
The 15-headed hydra misses you.
The 15-headed hydra bites you but does no damage.
The 15-headed hydra bites you.
* * * LOW HITPOINT WARNING * * *
The 15-headed hydra bites you but does no damage.
The 15-headed hydra bites you!
You die...

##..........###.#...########
##........# <#.##..## #
####''#### .#.##...# #
#..#####.#.###..# #
#........#.# #..## #
######.###.# ##..## # #O#
#.# #....# # #D# #.#
#.#..##### #@# #.#
#.#....).) #)# #.#
#.#.>##### #.# #.#
#.#....... #)# #.#
#.######## #.# #.#
#..)...... #.# #.#
########## #.###.# #.....#
#######


You could see a 15-headed hydra and a two-headed ogre.

Vanquished Creatures
  An orc high priest (Bailey)
  An orc knight (Bailey)
  Maggie (D:7)
  A kobold demonologist (Bailey)
  A wyvern (D:4)
  6 yaks
  Edmund (D:6)
  Menkaure (D:5)
  A water moccasin (D:5)
  An ice beast (D:6)
  3 black bears
  12 orc warriors
  2 ogres
  A sky beast (D:7)
  4 centaurs
  A kobold brigand (D:8)
  A phantom (D:6)
  Blork the orc (D:6)
  3 scorpions
  A necrophage (D:4)
  9 wights
  A howler monkey (D:6)
  3 electric eels (Bailey)
  2 hounds
  3 orc priests
  2 jellies
  6 orc wizards
  3 iguanas
  Terence (D:3)
  6 gnolls (Bailey)
  9 adders
  A shadow imp (D:5)
  3 white imps
  An ufetubus (D:5)
  5 worms
  4 dart slugs
  22 orcs
  4 ball pythons
  6 endoplasms
  3 giant cockroaches
  17 goblins
  9 hobgoblins
  9 jackals
  12 kobolds
  2 quokkas
  10 bats
  A frilled lizard (D:1)
  8 rats
206 creatures vanquished.

Notes
Turn   | Place    | Note
-------+----------+-------------------------------------------
     0 | D:1      | Mesmaeker13 the Troll Berserker began the quest for the
                  | Orb.
     0 | D:1      | Reached XP level 1. HP: 22/22 MP: 0/0
   161 | D:1      | Reached XP level 2. HP: 29/29 MP: 1/1
   368 | D:1      | Reached ** piety under Trog
   388 | D:1      | Reached XP level 3. HP: 36/36 MP: 2/2
  1165 | D:2      | Found a faded altar of an unknown god.
  1581 | D:2      | Reached XP level 4. HP: 45/45 MP: 3/3
  1787 | D:3      | Identified the +5 ring mail of Mirth {Will++}
  1875 | D:3      | Noticed Terence
  1889 | D:3      | Killed Terence
  1890 | D:3      | Reached skill level 4 in Unarmed Combat
  2240 | D:3      | Reached XP level 5. HP: 46/53 MP: 4/4
  2394 | D:4      | Noticed a wyvern
  2403 | D:4      | Killed a wyvern
  2404 | D:4      | Reached XP level 6. HP: 33/62 MP: 5/5
  2404 | D:4      | Reached *** piety under Trog
  2657 | D:4      | Reached skill level 5 in Unarmed Combat
  2674 | D:4      | Found a staircase to the Ecumenical Temple.
  2706 | D:4      | Reached XP level 7. HP: 56/69 MP: 6/6
  3048 | D:5      | Entered Level 5 of the Dungeon
  3531 | D:5      | Found a shimmering altar of Xom.
  3557 | D:5      | Reached skill level 1 in Evocations
  3721 | D:5      | Noticed Menkaure
  3727 | D:5      | Killed Menkaure
  3728 | D:5      | Reached skill level 5 in Fighting
  3728 | D:5      | Reached skill level 5 in Dodging
  3728 | D:5      | Reached skill level 6 in Unarmed Combat
  3728 | D:5      | Reached XP level 8. HP: 52/80 MP: 7/7
  4112 | D:6      | Reached **** piety under Trog
  4223 | D:6      | Reached skill level 7 in Unarmed Combat
  4227 | D:6      | Reached XP level 9. HP: 89/89 MP: 8/8
  4282 | D:6      | Noticed Blork the orc
  4288 | D:6      | Killed Blork the orc
  4636 | D:6      | Noticed Edmund
  4646 | D:6      | Killed Edmund
  4998 | D:7      | Found a flagged portal.
  5015 | Bailey   | Entered a bailey
  5265 | Bailey   | Noticed an orc knight
  5267 | Bailey   | Reached skill level 8 in Unarmed Combat
  5278 | Bailey   | Killed an orc knight
  5361 | Bailey   | Reached XP level 10. HP: 100/100 MP: 9/9
  5437 | Bailey   | Found an iron altar of Okawaru.
  5437 | Bailey   | Noticed an orc high priest
  5442 | Bailey   | Noticed a smoke demon
  5446 | Bailey   | Killed an orc high priest
  6341 | D:7      | Reached skill level 5 in Evocations
  6437 | D:7      | Noticed Maggie
  6442 | D:7      | Killed Maggie
  6443 | D:7      | Reached skill level 9 in Unarmed Combat
  6630 | D:7      | Reached ***** piety under Trog
  6981 | D:7      | Acquired a +0 hat of willpower
  7275 | D:8      | Noticed a five-headed hydra
  7275 | D:8      | Noticed a two-headed ogre
  7302 | D:8      | HP: 6/156 [15-headed hydra (5)]
  7302 | D:8      | Slain by a 15-headed hydra

Illustrated notes

Levels and vault maps discovered:
D:1:      dpeg_arrival_water_fire, layout_basic
D:2:      layout_rooms, shapermc_ecumenical_altar_venn, minmay_tiny_reverse_x
D:3:      layout_basic, uniq_terence
D:4:      layout_cave_pools, minmay_temple_entry_crystal_x
D:5:      layout_gridville, xom_butterflies, uniq_menkaure
D:6:      layout_loops_ring, uniq_blork_the_orc, uniq_edmund
D:7:      layout_gridville, enter_bailey_5, grunt_decor_junction, uniq_maggie
D:8:      kennysheep_big_flooded_room, layout_basic,
          mainiacjoe_overflow_concentric_impassable

Skill      XL: |  1  2  3  4  5  6  7  8  9 10 |
---------------+-------------------------------+-----
Dodging        | 3 4 5 6 7 |  7.6
Fighting       | 3 4 5 6 7 |  7.6
Unarmed Combat | 4 5 6 7 8 9 |  9.2
Evocations     | 1 3 4 5 |  5.3
Armour         | |  0.6

Action                   |  1- 3 |  4- 6 |  7- 9 | 10-12 || total
-------------------------+-------+-------+-------+-------++-------
Melee: Unarmed           |   121 |   103 |   229 |   140 ||   593
       Punch             |       |       |    10 |     5 ||    15
Throw: Dart              |       |     6 |     4 |       ||    10
       Large rock        |       |       |     2 |       ||     2
Invok: Berserk           |       |       |     3 |     4 ||     7
       Trog's Hand       |       |       |       |     1 ||     1
Evoke: Wand              |       |       |     1 |     2 ||     3
  Use: Scroll            |       |     1 |     3 |     2 ||     6
       Potion            |       |     1 |       |       ||     1
 Stab: Sleeping          |     1 |       |       |       ||     1
       Paralysed         |       |       |     2 |     2 ||     4
Armor: Animal skin       |    43 |    34 |    42 |     4 ||   123
       Skin              |       |     9 |       |       ||     9
       Fire dragon scale |       |       |       |    29 ||    29
       Robe              |       |       |       |    14 ||    14
       Acid dragon scale |       |       |       |     9 ||     9
Dodge: Dodged            |    62 |    72 |    89 |    66 ||   289

Table legend: (Time is in decaauts)
 A = Elapsed time spent in this place.
 B = Non-inter-level travel time spent in this place.
 C = Inter-level travel time spent in this place.
 D = Time resting spent in this place.
 E = Time spent auto-exploring this place.
 F = Levels seen in this place.
 G = Mean time per level.
                   A        B        C        D        E       F      G
               +--------+--------+--------+--------+--------+-----+--------+
         Total |   7290 |   6810 |    480 |    712 |   4571 |   9 |  810.0 |
       Dungeon |   6398 |   5918 |    480 |    308 |   4422 |   8 |  799.8 |
        Bailey |    891 |    891 |      0 |    404 |    148 |   1 |  891.0 |
               +--------+--------+--------+--------+--------+-----+--------+

Top non-repeatable levels by time:
     D:1: 1102 daAuts
     D:7: 1094 daAuts
     D:6: 1042 daAuts
     D:5: 925 daAuts
  Bailey: 891 daAuts
     D:3: 692 daAuts
     D:4: 660 daAuts
     D:2: 581 daAuts
     D:8: 299 daAuts
